 Dungeon Crawl Stone Soup version 0.26-a0-1049-g242049e08c (webtiles) character file.

Game seed: 14145846005879681294

358 KristoblXynda the Slasher (level 6, -3/52 HPs)
             Began as a Draconian Gladiator on Dec 12, 2020.
             Was a Follower of Cheibriados.
             Slain by Edmund
             ... wielding a +4 vorpal dire flail
              (17 damage)
             ... on level 4 of the Dungeon.
             The game lasted 00:04:08 (3460 turns).

KristoblXynda the Slasher (Draconian Gladiator)     Turns: 3460, Time: 00:04:08

Health: -3/52      AC: 11    Str: 22    XL:     6   Next: 37%
Magic:  6/6        EV: 14    Int: 14    God:    Cheibriados [*.....]
Gold:   153        SH:  5    Dex: 15    Spells: 5/5 levels left

rFire    . . .     SeeInvis .   a - +0 long sword
rCold    + + .     Faith    .   (no shield)
rNeg     . . .     Spirit   .   (armour unavailable)
rPois    .         Reflect  +   b - +0 hat
rElec    +         Harm     .   l - +2 cloak
rCorr    .         Rampage  .   r - +1 pair of gloves of Xum Keval {-Tele rElec rC++ Str+3}
Will     .....     NoTele   +   (no boots)
Stlth    +.........             o - amulet of reflection
HPRegen  0.17/turn              (no ring)
MPRegen  0.10/turn              (no ring)

@: very slow
A: unfitting armour, cold-blooded, AC +6
a: Bend Time, Renounce Religion


You were on level 4 of the Dungeon.
You worshipped Cheibriados.
Cheibriados was aware of your devotion.
You visited 1 branch of the dungeon, and saw 4 of its levels.

You collected 153 gold pieces.

Inventory:

Hand Weapons
 a - a +0 long sword (weapon)
Missiles
 c - 5 throwing nets (quivered)
Armour
 b - a +0 hat (worn)
 l - a +2 cloak (worn)
 r - the +1 pair of gloves of Xum Keval (worn) {-Tele rElec rC++ Str+3}
   (You found it on level 4 of the Dungeon)

   It affects your strength (+3).
   It greatly protects you from cold.
   It insulates you from electricity.
   It prevents most forms of teleportation.
Jewellery
 o - an amulet of reflection (around neck)
Wands
 m - a wand of acid (12)
Scrolls
 f - a scroll of random uselessness {unknown}
 h - a scroll of fog
 k - 2 scrolls of remove curse {unknown}
 n - 2 scrolls of teleportation {unknown}
 p - a scroll of enchant armour {unknown}
 q - a scroll of identify
Potions
 d - 2 potions of mutation {unknown}
 e - a potion of might
 g - 3 potions of brilliance
 i - 2 potions of heal wounds {unknown}
 j - a potion of degeneration {unknown}


   Skills:
 + Level 4.1 Fighting
 * Level 5.4 Long Blades
 - Level 2.0 Throwing
 + Level 4.0 Dodging


You had 5 spell levels left.
You didn't know any spells.
Your spell library was empty.

Dungeon Overview and Level Annotations

Branches:
Dungeon (4/15)
 Temple: D:4-7

Altars:
Cheibriados
Fedhas

Annotations:
D:4 Edmund, Sigmund


Innate Abilities, Weirdness & Mutations

Your plain brown scales are hard. (AC +6)
You cannot fit into any form of body armour.
You are cold-blooded and may be slowed by cold attacks.


Message History

Sigmund zaps a wand.
The puff of flame hits you.
You closely miss Sigmund. Sigmund casts a spell at you.
The puff of flame hits you!
You hit Sigmund.
Sigmund is lightly wounded.
You block Sigmund's attack.
You hit Sigmund.
Sigmund is moderately wounded.
Sigmund zaps a wand.
The puff of flame hits you.
The now-empty wand crumbles to dust.
You hit Sigmund.
Your tail-slap misses Sigmund.
Sigmund is heavily wounded.
Sigmund hits you but does no damage.
Edmund hits you with a +4 vorpal dire flail!
* * * LOW HITPOINT WARNING * * *
You hit Sigmund. You tail-slap Sigmund.
Sigmund is heavily wounded.
Edmund hits you with a +4 vorpal dire flail!
You die...

#...####....##...#####
......................
#############.........
... #PP....... . ..
#......... ..######.###
#...###... .........#)##
###..##...
#......@....#.. #.......
[......@@...... #.......
######..#########.......
...................#####
#######............#
##############


You could see Edmund and Sigmund.

Vanquished Creatures
  2 howler monkeys (D:4)
  Crazy Yiuf (D:2)
  A centaur skeleton (D:4)
  A worker ant (D:4)
  A hound skeleton (D:4)
  11 adders
  2 oozes
  An adder skeleton (D:4)
  2 worms (D:2)
  2 dart slugs
  A leopard gecko (D:3)
  3 orcs (D:3)
  3 giant cockroaches
  7 goblins
  7 hobgoblins
  11 jackals
  8 bats
  3 frilled lizards
  5 kobolds
  3 rats
75 creatures vanquished.

Vanquished Creatures (others)
  A kobold (D:2)
1 creature vanquished.

Grand Total: 76 creatures vanquished

Notes
Turn   | Place    | Note
-------+----------+-------------------------------------------
     0 | D:1      | KristoblXynda the Draconian Gladiator began the quest for
                  | the Orb.
     0 | D:1      | Reached XP level 1. HP: 17/17 MP: 1/1
   128 | D:1      | Reached XP level 2. HP: 24/25 MP: 2/2
   375 | D:1      | Reached XP level 3. HP: 30/30 MP: 3/3
   979 | D:2      | HP: 1/30 [worm (6)]
  1688 | D:2      | Found a runed translucent door.
  1689 | D:2      | Noticed Crazy Yiuf
  2000 | D:2      | Killed Crazy Yiuf
  2001 | D:2      | Reached skill level 4 in Long Blades
  2001 | D:2      | Reached XP level 4. HP: 26/38 MP: 4/4
  2384 | D:3      | Found a blossoming altar of Fedhas.
  2566 | D:3      | Found a snail-covered altar of Cheibriados.
  2583 | D:3      | Became a worshipper of Cheibriados the Contemplative
  2593 | D:3      | Reached XP level 5. HP: 45/45 MP: 5/5
  2982 | D:3      | Reached * piety under Cheibriados
  3159 | D:4      | Reached skill level 5 in Long Blades
  3171 | D:4      | Reached XP level 6. HP: 20/52 MP: 6/6
  3243 | D:4      | Got a pair of crude gloves
  3357 | D:4      | Identified the +1 pair of gloves of Xum Keval {-Tele rElec
                  | rC++ Str+3} (You found it on level 4 of the Dungeon)
  3448 | D:4      | Noticed Sigmund
  3454 | D:4      | Noticed Edmund
  3460 | D:4      | Slain by Edmund

Illustrated notes

Levels and vault maps discovered:
D:1:      dpeg_arrival_long_road, layout_basic
D:2:      layout_loops_ring, lemuel_flame_loot_1, uniq_crazy_yiuf_cottage
D:3:      layout_loops_cross, cheibriados_altar_1, minivault_19,
          grunt_ministairs_14, fedhas_ov_isle_minmay
D:4:      layout_gridville, overflow_temple_1_default, tgw_sif,
          sigmund_edmund_badplayer

Skill      XL: |  1  2  3  4  5  6 |
---------------+-------------------+-----
Throwing       | 2 |  2.0
Dodging        | 3 4 |  4.0
Fighting       | 3 4 |  4.1
Long Blades    | 4 5 |  5.4

Action                   |  1- 3 |  4- 6 || total
-------------------------+-------+-------++-------
Melee: Long sword        |    97 |   119 ||   216
       Tailslap          |    17 |    20 ||    37
Throw: Throwing net      |     1 |       ||     1
  Use: Scroll            |     2 |     2 ||     4
 Stab: Sleeping          |     2 |     1 ||     3
       Held in net/web   |     2 |       ||     2
Armor: Skin              |    29 |    56 ||    85
Dodge: Dodged            |    63 |   120 ||   183
Block: Other             |       |     4 ||     4
       Rpst.: Long sword |    18 |    36 ||    54

Table legend: (Time is in decaauts)
 A = Elapsed time spent in this place.
 B = Non-inter-level travel time spent in this place.
 C = Inter-level travel time spent in this place.
 D = Time resting spent in this place.
 E = Time spent auto-exploring this place.
 F = Levels seen in this place.
 G = Mean time per level.
                   A        B        C        D        E       F      G
               +--------+--------+--------+--------+--------+-----+--------+
         Total |   3672 |   3507 |    165 |    873 |   1966 |   4 |  918.0 |
       Dungeon |   3672 |   3507 |    165 |    873 |   1966 |   4 |  918.0 |
               +--------+--------+--------+--------+--------+-----+--------+

Top non-repeatable levels by time:
     D:2: 1705 daAuts
     D:3: 1048 daAuts
     D:1: 565 daAuts
     D:4: 353 daAuts
